 Dungeon Crawl Stone Soup version 0.30.0-5-g1a98f26d00 (webtiles) character file.

Game seed: 20344831696627620

4155 Kranky the Grappler (level 10, -7/102 HPs)
             Began as a Troll Fighter on May 12, 2023.
             Was an Initiate of Wu Jian.
             Mangled by an orc warrior
             ... wielding a +0 war axe
              (8 damage)
             ... in a bailey on May 13, 2023.
             The game lasted 00:15:57 (7248 turns).

Kranky the Grappler (Troll Fighter)                 Turns: 7248, Time: 00:15:57

Health: -7/102     AC:  6    Str: 32    XL:     10   Next: 7%
Magic:  0/9        EV: 10    Int:  8    God:    Wu Jian [......]
Gold:   1252       SH:  9    Dex:  9    Spells: 9/9 levels left

rFire   . .          .
                       - Unarmed
rCold   . . .        b - +0 kite shield
rNeg    . . .        l - +2 robe {Will+}
rPois   .            (helmet restricted)
rElec   .            (no cloak)
rCorr   .            (gloves unavailable)
SInv    .            (boots unavailable)
Will    ++...        k - amulet of guardian spirit
Stlth   +            M - +6 ring of strength
HPRegen 1.17/turn    L - ring of willpower
MPRegen 0.11/turn

%: guardian spirit
@: mighty
A: large, unfitting armour, claws 3, regeneration 1, shaggy fur 1, tough skin 1
a: Renounce Religion


You were in a bailey.
You worshipped Wu Jian.
Wu Jian was noncommittal.
You visited 2 branches of the dungeon, and saw 8 of its levels.
You also visited: Sewer and Bailey.

You collected 1252 gold pieces.

Inventory:

Missiles
 a - 12 curare-tipped darts (quivered)
Armour
 b - a +0 kite shield (worn)
 l - a +2 robe of willpower (worn)
 I - +0 steam dragon scales
 N - +1 ice dragon scales
Jewellery
 k - an amulet of guardian spirit (around neck)
 o - a ring of fire
 u - a +5 ring of evasion
 F - a +5 ring of evasion
 L - a ring of willpower (right claw)
 M - a +6 ring of strength (left claw)
 O - a +4 ring of protection
Wands
 p - a wand of mindburst (10)
 w - a wand of paralysis (8)
 C - a wand of roots (25)
 G - a wand of quicksilver (3)
 K - a wand of digging (5)
Scrolls
 e - 7 scrolls of identify {unknown}
 g - 2 scrolls of magic mapping
 h - 3 scrolls of brand weapon {unknown}
 i - a scroll of torment {unknown}
 j - 2 scrolls of fog {unknown}
 m - 2 scrolls of immolation {unknown}
 n - 8 scrolls of teleportation {unknown}
 q - 3 scrolls of enchant armour {unknown}
 t - a scroll of vulnerability {unknown}
 y - 2 scrolls of butterflies {unknown}
 A - 2 scrolls of blinking {unknown}
 E - 3 scrolls of poison {unknown}
 J - a scroll of noise {unknown}
Potions
 d - 2 potions of brilliance {unknown}
 f - a potion of resistance {unknown}
 r - 2 potions of lignification {unknown}
 s - 2 potions of attraction {unknown}
 v - 4 potions of mutation {unknown}
 x - a potion of ambrosia {unknown}
 z - 4 potions of heal wounds {unknown}
 B - a potion of cancellation {unknown}
 H - a potion of invisibility {unknown}


   Skills:
 + Level 7.2 Fighting
 + Level 4.3 Dodging
 + Level 7.9 Shields
 + Level 8.3 Unarmed Combat


You had 9 spell levels left.
You didn't know any spells.
Your spell library contained the following spells:

 Spells                   Type           Power      Damage    Failure   Level
 Poisonous Vapours        Pois/Air       0%         N/A       71%         2
 Ignite Poison            Fire/Tmut/Pois 0%         N/A       91%         3
 Mephitic Cloud           Conj/Pois/Air  0%         N/A       91%         3
 Portal Projectile        Hex/Tloc       0%         N/A       91%         3
 Tukima's Dance           Hex            0%         N/A       91%         3
 Volatile Blastmotes      Fire/Tloc      0%         2d10      91%         3
 Fulminant Prism          Conj/Hex       0%         3d5       100%        4
 Iskenderun's Mystic Bla  Conj/Tloc      0%         2d3       100%        4
 Sticky Flame             Conj/Fire      0%         2d3       100%        4
 Blade Hands              Tmut           0%         N/A       100%        5
 Freezing Cloud           Conj/Ice/Air   0%         6-21      100%        5
 Lee's Rapid Deconstruct  Erth           0%         3d4*      100%        5
 Ignition                 Fire           0%         3d3       100%        8


Dungeon Overview and Level Annotations

Branches:
Dungeon (7/15)             Temple (1/1) D:6           Sewer (visited)
 Bailey (1/1)

Altars:
Ashenzari
Cheibriados
Dithmenos
Elyvilon
Fedhas
Gozag
Hepliaklqana
Kikubaaqudgha
Makhleb
Nemelex Xobeh
Okawaru
Qazlal
Ru
Sif Muna
Trog
Uskayaw
Vehumet
Wu Jian
Xom
Yredelemnul
Zin
The Shining One


Innate Abilities, Weirdness & Mutations

You are too large for most types of armour.
You have claws for hands.
Your natural rate of healing is unusually fast.
You are covered in fur. (AC +1)
You have tough skin. (AC +1)


Message History

You block the orc warrior's attack.
A kobold brigand comes into view.
It is wielding a +0 war axe and quivering curare-tipped darts.
The orc warrior hits you with a +0 broad axe!
You scratch the orc warrior but do no damage.
The orc warrior is severely wounded.
The orc warrior hits you with a +0 war axe!
The orc warrior closely misses you.
You are too injured to fight recklessly!
You are too injured to fight recklessly!
Unknown command.
You mangle the orc warrior!!
You kill the orc warrior!
The Council accepts your kill.
The orc warrior hits you with a +0 war axe.
You closely miss the orc warrior.
The orc warrior hits you with a +0 war axe!
The orc warrior closely misses you.
You mangle the orc warrior!!
The orc warrior is almost dead.
The orc warrior hits you with a +0 war axe.
* * * LOW HITPOINT WARNING * * *
An orc warrior comes into view.
It is wielding a +0 war axe and quivering atropa-tipped darts.
The orc warrior attacks as you move away!
The orc warrior hits you with a +0 war axe!
* * * LOW HITPOINT WARNING * * *
The orc warrior attacks as you move away!
The orc warrior hits you with a +0 war axe!
* * * LOW HITPOINT WARNING * * *
The orc warrior attacks as you move away!
You block the orc warrior's attack.
There is an open gate here.
The orc warrior attacks as you move away!
The orc warrior hits you with a +0 war axe!
* * * LOW HITPOINT WARNING * * *
Okay, then.
You feel very mighty all of a sudden.
The orc warrior hits you with a +0 war axe!
* * * LOW HITPOINT WARNING * * *
The orc warrior hits you with a +0 war axe!
You die...

..~~.......~~....#
##~~.......~~###.#
.~~.......~~....#
###~~.......~~###.#
..~~.......~~....#
###~~.......~~###.#
...~~.......~~....#
#~~.......~~#####
#~..@....~##
####oo'####
##.K...## #∩.o...∩#
#..K8...# ##..K..##
###o### ..# ....


You could see 4 orc warriors and 3 kobold brigands.

Vanquished Creatures
  Pikel (D:6)
  A cyclops (D:6)
  A vampire (D:6)
  Eustachio (D:6)
  A steam dragon (D:6)
  Menkaure (D:6)
  3 water moccasins
  Duvessa (D:6)
  An ice beast (D:6)
  2 orc warriors
  3 ogres
  The ghost of Loveship the Insei, an amateur DsTm (D:3)
  A centaur (D:6)
  A lemure (D:6)
  5 kobold brigands
  Blork the orc (D:6)
  A gnoll sergeant (D:6)
  3 scorpions
  Dowan (D:6)
  5 jellies
  4 orc priests
  A gnoll bouda (D:6)
  5 hounds
  6 iguanas
  Jessica (D:3)
  4 orc wizards
  3 gnolls
  8 adders
  2 river rats (Sewer)
  5 worms
  5 dart slugs
  17 orcs
  10 ball pythons
  3 bats
  7 endoplasms
  8 giant cockroaches
  11 goblins
  11 hobgoblins
  7 jackals
  10 quokkas
  2 frilled lizards (D:1)
  28 kobolds
  10 rats
203 creatures vanquished.

Notes
Turn   | Place    | Note
-------+----------+-------------------------------------------
     0 | D:1      | Kranky the Troll Fighter began the quest for the Orb.
     0 | D:1      | Reached XP level 1. HP: 22/22 MP: 0/0
   218 | D:1      | Reached XP level 2. HP: 28/29 MP: 1/1
  1118 | D:2      | Reached XP level 3. HP: 36/36 MP: 2/2
  1610 | D:2      | Reached skill level 3 in Unarmed Combat
  1610 | D:2      | Reached XP level 4. HP: 22/45 MP: 3/3
  1710 | D:3      | Found a runed translucent gate.
  1710 | D:3      | Found a runed translucent gate.
  1710 | D:3      | Found a runed translucent gate.
  1711 | D:3      | Noticed a kobold brigand
  1712 | D:3      | Noticed Loveship's ghost (amateur DsTm)
  1759 | D:3      | Noticed Jessica
  1767 | D:3      | Killed Jessica
  1961 | D:3      | Reached XP level 5. HP: 35/53 MP: 4/4
  2504 | D:3      | Killed Loveship's ghost
  2601 | D:3      | Reached skill level 4 in Unarmed Combat
  2601 | D:3      | Reached XP level 6. HP: 36/57 MP: 5/5
  3286 | D:4      | Reached XP level 7. HP: 59/70 MP: 6/6
  3925 | D:5      | Entered Level 5 of the Dungeon
  3989 | D:5      | Reached skill level 5 in Shields
  4054 | D:5      | Reached skill level 5 in Unarmed Combat
  4125 | D:5      | Noticed Eustachio
  4211 | D:6      | Found a glowing drain.
  4238 | Sewer    | Entered a sewer
  4392 | Sewer    | Reached skill level 5 in Fighting
  4509 | Sewer    | Reached XP level 8. HP: 67/80 MP: 5/7
  4712 | D:6      | Noticed Blork the orc
  4719 | D:6      | Killed Blork the orc
  4720 | D:6      | Reached skill level 6 in Unarmed Combat
  4810 | D:6      | Noticed Menkaure
  4821 | D:6      | Killed Menkaure
  4929 | D:6      | Found a staircase to the Ecumenical Temple.
  4976 | D:6      | Noticed Pikel
  4994 | D:6      | Killed Pikel
  5135 | D:6      | Reached skill level 7 in Unarmed Combat
  5140 | D:6      | Reached XP level 9. HP: 55/89 MP: 4/8
  5205 | D:6      | Noticed a cyclops
  5235 | D:6      | Killed a cyclops
  5408 | D:6      | Reached skill level 8 in Unarmed Combat
  5526 | D:6      | Noticed Duvessa
  5526 | D:6      | Noticed Dowan
  5543 | D:6      | Killed Duvessa
  5554 | D:6      | Killed Dowan
  5630 | D:6      | Found a hazy altar of Hepliaklqana.
  5630 | D:6      | Found a shimmering blue altar of Sif Muna.
  5638 | D:6      | Found a blossoming altar of Fedhas.
  5640 | D:6      | Found a radiant altar of Vehumet.
  5642 | D:6      | Found a faded altar of an unknown god.
  6286 | D:6      | Killed Eustachio
  6777 | Temple   | Entered the Ecumenical Temple
  6966 | Temple   | Became a worshipper of the Wu Jian Council
  7088 | D:7      | Found a flagged portal.
  7115 | Bailey   | Entered a bailey
  7139 | Bailey   | Reached XP level 10. HP: 81/102 MP: 5/9
  7247 | Bailey   | HP: 5/102 [orc warrior/+0 war axe (7)]
  7248 | Bailey   | HP: 1/102 [orc warrior/+0 war axe (6)]
  7248 | Bailey   | Mangled by an orc warrior

Illustrated notes

Levels and vault maps discovered:
D:1:      ncdulo_lavacross, layout_basic
D:2:      layout_loops_cross, dreamdust_wishing_well
D:3:      layout_loops_corners, gammafunk_ghost_nasty_kobolds, uniq_jessica
D:4:      cheibrodos_greedy_goblins, layout_layer_cave
D:5:      layout_cave_pools, uniq_eustachio
D:6:      kennysheep_windowed_halls, layout_basic,
          chequers_temple_overflow_minitemple,
          minmay_temple_entry_drinking_statues, gup_sewer_entry_pipe,
          minivault_10, uniq_menkaure, uniq_blork_the_orc, uniq_duvessa,
          uniq_pikel
D:7:      layout_loops_ring, enter_bailey_6
Temple:   eino_narrow_crystal_temple
Bailey:   bailey_axe_3, bailey

Skill      XL: |  1  2  3  4  5  6  7  8  9 |
---------------+----------------------------+-----
Shields        | 3 4 5 6 7 |  7.9
Fighting       | 3 4 5 6 7 |  7.2
Unarmed Combat | 3 4 5 7 8 |  8.3
Dodging        | 4 |  4.3

Action                     |  1- 3 |  4- 6 |  7- 9 | 10-12 || total
---------------------------+-------+-------+-------+-------++-------
  Melee: Unarmed           |   108 |   180 |   368 |    27 ||   683
Ability: Lunge             |       |       |     3 |       ||     3
    Use: Potion            |       |     1 |       |     1 ||     2
         Scroll            |       |       |     2 |       ||     2
   Stab: Sleeping          |     1 |       |       |       ||     1
 Armour: Robe              |    28 |    42 |   106 |    13 ||   189
  Dodge: Dodged            |    33 |    61 |   134 |    18 ||   246
  Block: Kite shield       |    37 |    82 |   157 |    19 ||   295
